 Dungeon Crawl Stone Soup version 0.28.0-45-g0d030f2227 (console) character file.

Game seed: 12039907085793076861

4443 Faeu the Protected (level 10, -2/90 HPs)
             Began as a Minotaur Fighter on Apr 19, 2022.
             Was a Follower of Trog.
             Slain by a yak (4 damage)
             ... on level 10 of the Dungeon.
             The game lasted 00:27:43 (8944 turns).

Faeu the Protected (Minotaur Fighter)               Turns: 8944, Time: 00:27:43

Health: -2/90      AC: 12    Str: 25    XL:     10   Next: 15%
Magic:  9/9        EV: 14    Int:  5    God:    Trog [*.....]
Gold:   528        SH:  6    Dex: 10    Spells: 9/9 levels left

rFire   . . .      SeeInvis .   v - +4 short sword {short}
rCold   . . .      Faith    .   c - +0 buckler
rNeg    . . .      Spirit   .   g - +0 chain mail
rPois   .          Reflect  .   (helmet restricted)
rElec   .          Harm     .   (no cloak)
rCorr   .          Rampage  .   (no gloves)
Will    .....                   y - +0 pair of boots
Stlth   ..........              r - amulet of regeneration {@e2}
HPRegen 1.05/turn               k - +4 ring of evasion
MPRegen 0.11/turn               (no ring)

@: mighty, lethally poisoned (-2 -> -4), slowed, very slow
A: horns 2, retaliatory headbutt
a: Renounce Religion, Berserk


You were on level 10 of the Dungeon.
You worshipped Trog.
Trog was aware of your devotion.
You visited 2 branches of the dungeon, and saw 12 of its levels.

You collected 528 gold pieces.


Innate Abilities, Weirdness & Mutations

You have a pair of horns on your head.
You reflexively headbutt those who attack you in melee.


   Skills:
 + Level 8.9 Fighting
 + Level 8.4 Long Blades
 + Level 8.9 Armour
 + Level 6.7 Dodging
 + Level 8.8 Shields


You had 9 spell levels left.
You didn't know any spells.
Your spell library contained the following spells:

 Spells                   Type           Power      Damage    Failure   Level
 Apportation              Tloc           0%         N/A       98%         1
 Pain                     Necr           0%         1d4       98%         1
 Sandblast                Erth           0%         2d4       98%         1
 Passwall                 Tmut/Erth      0%         N/A       99%         2
 Ignite Poison            Fire/Tmut/Pois 0%         N/A       100%        3
 Mephitic Cloud           Conj/Pois/Air  0%         N/A       100%        3
 Ozocubu's Armour         Ice            0%         N/A       100%        3
 Stone Arrow              Conj/Erth      0%         3d7       100%        3
 Petrify                  Tmut/Erth      0%         N/A       100%        4
 Agony                    Necr           0%         N/A       100%        5
 Alistair's Intoxication  Tmut/Pois      0%         N/A       100%        5
 Excruciating Wounds      Necr           0%         N/A       100%        5
 Freezing Cloud           Conj/Ice/Air   0%         6-21      100%        5
 Metabolic Englaciation   Hex/Ice        0%         N/A       100%        5
 Statue Form              Tmut/Erth      0%         N/A       100%        6
 Ozocubu's Refrigeration  Ice            0%         4d5       100%        7

Inventory:

Hand Weapons
 a - a +0 long sword {long}
 h - a +1 vorpal flail {mace}
   (You took it off an orc on level 2 of the Dungeon)
 i - a +2 short sword of flaming {short}
   (You took it off an orc on level 2 of the Dungeon)
 v - a +4 short sword (weapon) {short}
   (You took it off a wight on level 8 of the Dungeon)
 x - a +4 dagger {short}
   (You took it off a wight on level 8 of the Dungeon)
Missiles
 j - 20 poisoned darts (quivered) {throwing}
Armour
 c - a +0 buckler (worn)
 g - a +0 chain mail (worn)
   (You found it on level 1 of the Dungeon)
 w - a +0 robe
   (You took it off a wight on level 8 of the Dungeon)
 y - a +0 pair of boots (worn)
   (You found it on level 8 of the Dungeon)
Jewellery
 k - a +4 ring of evasion (left hand)
   (You found it on level 3 of the Dungeon)
 r - an amulet of regeneration (around neck) {@e2}
   (You found it on level 5 of the Dungeon)
Wands
 b - a wand of flame (34)
   (You found it on level 6 of the Dungeon)
Scrolls
 e - 4 scrolls of amnesia {unknown}
 f - 5 scrolls of fear
 l - a scroll of enchant armour
 p - 2 scrolls of teleportation {unknown}
 q - a scroll of holy word {unknown}
 t - a scroll of noise {unknown}
 C - a scroll of fog {unknown}
 D - a scroll of immolation {!r!r}
Potions
 m - a potion of flight {unknown}
 n - a potion of haste {unknown}
 o - 3 potions of curing {unknown}
 s - 2 potions of brilliance
 u - a potion of lignification {unknown}
 z - a potion of degeneration {unknown}
 A - a potion of attraction {unknown}
 E - a potion of heal wounds {unknown}
 F - a potion of resistance {unknown}
Miscellaneous
 B - a tin of tremorstones (1/2) {throwing}
   (You found it on level 9 of the Dungeon)

Dungeon Overview and Level Annotations

Branches:
Dungeon (11/15)            Temple (1/1) D:6            Lair (0/6) D:8
    Orc: D:9-12

Altars:
Ashenzari
Cheibriados
Dithmenos
Fedhas
Gozag
Kikubaaqudgha
Makhleb
Nemelex Xobeh
Okawaru
Qazlal
Ru
Trog
Uskayaw
Vehumet
Wu Jian
Xom
Yredelemnul
Zin
The Shining One

Shops:
D:8 *

Annotations:
D:3 1 runed translucent door, crompyre's ghost, amateur DjFE
D:10 Sonja

.......................PP..##
.......................P....#
........#######..####..P....###
........# #.....#..P......###
...<....# #..._.#..PP....Y...
........# #.....#..........##
........# #..........Y.#####
.######.# #..##)###..### .#
#.#######..##.###.## .#
#....(............#
.######.........@Y....###
...............ยง#######
................#
................#
.########.......# .# #K......#
.# #.......# .########.......#
................#
#################


You could see a yak and Sonja.


Message History

๐Ÿ˜• HP[+1] ๐Ÿ˜• HP[+2]
You regained 2 hp, and now have 84/90 hp.
There is a stone staircase leading up here. ๐Ÿ˜• HP[+1]
You can't go down here!
You climb upwards.
Level annotation: Sonja You feel yourself speed up.
The yak gores you! The yak misses you.
There is a stone staircase leading down here. ๐Ÿ˜• HP[-5]
You take 5 damage, and now have 80/90 hp.
You puncture the yak! The yak misses you. You furiously retaliate!
You headbutt the yak! You block the yak's attack. ๐Ÿ˜• HP[+1]
You puncture the yak! The yak closely misses you. You furiously retaliate!
You headbutt the yak! The yak gores you. ๐Ÿ˜• HP[-4]
You take 4 damage, and now have 77/90 hp.
You hit the yak. The yak closely misses you.
Sonja throws a curare-tipped dart.
The curare-tipped dart closely misses you. ๐Ÿ˜• HP[+1]
The yak closely misses you. Sonja hits you but does no damage.
Space warps around you. Sonja misses you. You block Sonja's attack.
The yak gores you!
The yak gores you but does no damage. ๐Ÿ˜• HP[-10]
You take 10 damage, and now have 68/90 hp.
You impale Sonja!!
Sonja plants her feet in a plie.
You block Sonja's attack. x2; Sonja hits you but does no damage.
Space warps horribly around you!! The yak misses you.
The yak completely misses you. You furiously retaliate!
You headbutt the yak! The yak gores you. ๐Ÿ˜ฎ HP[-20]
You take 20 damage, and now have 48/90 hp.
MASSIVE DAMAGE!! (PAUSE) Unknown command.
You hit Sonja.
Sonja gestures wildly while chanting.
Sonja blinks!
The yak gores you!
* * * LOW HITPOINT WARNING * * *
The yak gores you but does no damage. x2 ๐Ÿ˜จ HP[-6]
You take 6 damage, and now have 42/90 hp.
Sonja hits you but does no damage. You block Sonja's attack.
Sonja closely misses you. The yak misses you. You furiously retaliate!
You headbutt the yak! The yak barely misses you. You furiously retaliate!
You headbutt the yak. ๐Ÿ˜จ HP[+1]
You completely miss Sonja.
Sonja gestures wildly while chanting.
Sonja blinks!
The yak closely misses you. You furiously retaliate!
You headbutt the yak. You block the yak's attack.
The yak gores you but does no damage. ๐Ÿ˜จ HP[+1]
You barely miss the yak. You headbutt the yak. The yak gores you.
* * * LOW HITPOINT WARNING * * *
๐Ÿ˜จ HP[-4]
You take 4 damage, and now have 40/90 hp.
You impale the yak!!
You kill the yak!
Trog accepts your kill. The yak gores you!
* * * LOW HITPOINT WARNING * * *
Sonja throws a curare-tipped dart.
The curare-tipped dart hits you.
You are poisoned.
You have difficulty breathing.
* * * LOW HITPOINT WARNING * * *
You feel yourself slow down. The yak misses you. ๐Ÿ˜ฑ HP[-18]
You take 18 damage, and now have 22/90 hp.
You feel very sick.
Sonja throws a curare-tipped dart.
You block the curare-tipped dart. The yak gores you!
* * * LOW HITPOINT WARNING * * *
Sonja throws a curare-tipped dart.
The curare-tipped dart closely misses you.
The curare-tipped dart closely misses the yak.
The yak misses you. x2 ๐Ÿ˜ฑ HP[-14]
You take 14 damage, and now have 8/90 hp.
You feel very sick. Sonja barely misses you. You block Sonja's attack.
Sonja hits you but does no damage. Space warps around you.
* * * LOW HITPOINT WARNING * * *
The yak closely misses you. You furiously retaliate!
You headbutt the yak!
You kill the yak!
Trog accepts your kill.
Sonja mumbles some strange words.
Sonja blinks!
There is a stone staircase leading down here. ๐Ÿ˜ฑ HP[-6]
You take 6 damage, and now have 2/90 hp.
You hit the yak.
* * * LOW HITPOINT WARNING * * *
You feel sick.
Sonja throws a curare-tipped dart.
You block the curare-tipped dart. The yak gores you.
You die...

Skill      XL: |  1  2  3  4  5  6  7  8  9 |
---------------+----------------------------+-----
Fighting       | 4 5 6 7 8 |  8.9
Armour         | 4 5 6 7 8 |  8.9
Shields        | 4 5 6 7 8 |  8.8
Long Blades    | 3 4 5 6 8 |  8.4
Dodging        | 1 2 3 5 6 |  6.7

Action                   |  1- 3 |  4- 6 |  7- 9 | 10-12 || total
-------------------------+-------+-------+-------+-------++-------
Melee: Long sword        |    96 |    36 |       |       ||   132
       Headbutt          |     7 |    30 |    53 |     1 ||    91
       Short sword       |       |   127 |   282 |     9 ||   418
Invok: Berserk           |       |       |     1 |       ||     1
Evoke: Tin of tremorston |       |       |     1 |       ||     1
  Use: Scroll            |       |       |     3 |       ||     3
       Potion            |       |       |     1 |       ||     1
Armor: Scale mail        |    30 |     8 |    13 |       ||    51
       Chain mail        |    47 |    52 |    84 |     8 ||   191
Dodge: Dodged            |    69 |    64 |   171 |    19 ||   323
Block: Buckler           |    27 |    41 |    61 |     9 ||   138

Levels and vault maps discovered:
D:1:      dpeg_arrival_chambers_temple_mockup, layout_basic,
          shapermc_ecumenical_altar_mp_ritualfount, minmay_small_reverse_x
D:2:      layout_basic, basic_altar, minmay_tromino_i4
D:3:      layout_basic, mainiacjoe_overflow_small_starburst,
          mainiacjoe_overflow_boulevard, ebering_ghost_inner_flame
D:4:      layout_loops_ring, kennysheep_mini_moat
D:5:      layout_cave_pods, mainiacjoe_overflow_six_doors_small,
          nicolae_wu_jian_wuxing_cycle, minmay_fractal_squares_gapless_5
D:6:      layout_loops_ring, minmay_temple_entry_offerings, nrook_mini_backslash
D:7:      cheibrodos_fzero, layout_loops_corners, mainiacjoe_overflow_alcove_4,
          nicolae_elyvilon_peaceful_grove
D:8:      layout_basic, nicolae_qazlal_general_emergency, zin_purify,
          lair_entry_dummy
D:9:      layout_grid_maze, mainiacjoe_overflow_catwalk_spiral,
          kennysheep_generic_room_11
D:10:     layout_small_grid, nicolae_sif_muna_little_library,
          mainiacjoe_overflow_chevrons, uniq_sonja
D:11:     layout_basic, minmay_orc_entry_guard_dogs, uniq_josephine
Temple:   dpeg_three_leaves_temple

Notes
Turn   | Place    | Note
-------+----------+-------------------------------------------
     0 | D:1      | Faeu the Minotaur Fighter began the quest for the Orb.
     0 | D:1      | Reached XP level 1. HP: 19/19 MP: 0/0
     0 | D:1      | magus.rc [v1.9.6]
   242 | D:1      | Reached XP level 2. HP: 27/27 MP: 1/1
   302 | D:1      | Reached skill level 4 in Fighting
   302 | D:1      | Reached skill level 4 in Armour
   302 | D:1      | Reached skill level 4 in Shields
   368 | D:1      | You pick up a book of Party Tricks and begin reading...
   368 | D:1      | You add the spells Apportation and Alistair's Intoxication
                  | to your library.
   581 | D:1      | Found a faded altar of an unknown god.
   633 | D:1      | Reached skill level 3 in Long Blades
   665 | D:1      | Reached XP level 3. HP: 33/33 MP: 2/2
  1313 | D:1      | Reached XP level 4. HP: 22/41 MP: 3/3
  1701 | D:2      | Found an ornate altar of the Wu Jian Council.
  2225 | D:3      | Reached XP level 5. HP: 40/47 MP: 4/4
  2312 | D:3      | Found an iron altar of Okawaru.
  2319 | D:3      | You pick up a book of Pain and begin reading...
  2319 | D:3      | You add the spells Pain, Agony and Excruciating Wounds to
                  | your library.
  2708 | D:3      | Reached skill level 4 in Long Blades
  2734 | D:3      | Found a glowing golden altar of the Shining One.
  2802 | D:3      | Found a runed translucent door.
  2803 | D:3      | Noticed crompyre's ghost (amateur DjFE)
  3056 | D:4      | You pick up a book of Sloth and begin reading...
  3056 | D:4      | You add the spells Petrify, Metabolic Englaciation and
                  | Statue Form to your library.
  3061 | D:4      | Reached skill level 1 in Dodging
  3074 | D:4      | Found a radiant altar of Vehumet.
  3112 | D:5      | Entered Level 5 of the Dungeon
  3124 | D:5      | Reached skill level 5 in Armour
  3355 | D:4      | Reached skill level 5 in Fighting
  3355 | D:4      | Reached XP level 6. HP: 34/56 MP: 5/5
  3359 | D:4      | HP: 7/56 [orc priest/nerve-wracking pain (12)]
  3365 | D:5      | Reached skill level 5 in Shields
  3909 | D:4      | Reached skill level 2 in Dodging
  4348 | D:4      | Reached XP level 7. HP: 61/61 MP: 6/6
  4524 | D:5      | You add the spells Ignite Poison, Mephitic Cloud and
                  | Freezing Cloud to your library.
  4553 | D:5      | Reached skill level 5 in Long Blades
  4820 | D:5      | Reached skill level 3 in Dodging
  4883 | D:5      | Reached skill level 6 in Fighting
  4883 | D:5      | Reached skill level 6 in Armour
  4887 | D:5      | Reached skill level 6 in Shields
  5130 | D:5      | Found a hide-covered altar of Uskayaw.
  5156 | D:5      | Found an ornate altar of the Wu Jian Council.
  5454 | D:5      | Reached XP level 8. HP: 61/71 MP: 7/7
  6199 | D:6      | Found a staircase to the Ecumenical Temple.
  6214 | Temple   | Entered the Ecumenical Temple
  6222 | Temple   | Reached skill level 4 in Dodging
  6400 | Temple   | Became a worshipper of Trog the Wrathful
  6425 | D:6      | You add the spells Ozocubu's Armour and Ozocubu's
                  | Refrigeration to your library.
  6451 | D:6      | Reached skill level 6 in Long Blades
  6907 | D:7      | Noticed a deep elf pyromancer
  6908 | D:7      | Reached skill level 7 in Fighting
  6908 | D:7      | Reached skill level 7 in Armour
  7236 | D:8      | Reached skill level 7 in Shields
  7276 | D:8      | Found a stormy altar of Qazlal.
  7333 | D:8      | Found Zin's Purification Station.
  7335 | D:8      | Found a glowing silver altar of Zin.
  7441 | D:8      | Found a staircase to the Lair.
  7832 | D:9      | Reached skill level 5 in Dodging
  7832 | D:9      | Reached XP level 9. HP: 49/79 MP: 8/8
  7874 | D:9      | Found a shimmering altar of Xom.
  8127 | D:9      | Reached skill level 7 in Long Blades
  8296 | D:9      | Reached * piety under Trog
  8460 | D:9      | Found a basalt altar of Yredelemnul.
  8485 | D:9      | You pick up a book of Geomancy {forbidden} and begin
                  | reading...
  8485 | D:9      | You add the spells Sandblast, Passwall and Stone Arrow to
                  | your library.
  8597 | D:10     | Entered Level 10 of the Dungeon
  8634 | D:10     | Noticed a troll
  8645 | D:10     | Killed a troll
  8646 | D:10     | Reached skill level 8 in Fighting
  8646 | D:10     | Reached skill level 8 in Armour
  8707 | D:10     | Found a shadowy altar of Dithmenos.
  8743 | D:10     | Reached skill level 8 in Shields
  8817 | D:10     | Noticed Sonja
  8827 | D:10     | Reached skill level 6 in Dodging
  8838 | D:10     | Noticed a cyclops
  8845 | D:10     | Killed a cyclops
  8846 | D:10     | Reached skill level 8 in Long Blades
  8910 | D:11     | Noticed a manticore
  8918 | D:11     | Killed a manticore
  8919 | D:11     | Reached XP level 10. HP: 68/90 MP: 9/9
  8941 | D:10     | HP: 22/90 [asphyx]
  8942 | D:10     | HP: 8/90 [yak (10)]
  8943 | D:10     | HP: 2/90 [Sonja/+1 dagger of distortion (3)]
  8944 | D:10     | Slain by a yak

Vanquished Creatures
  A cyclops (D:10)
  A manticore (D:11)
  A troll (D:10)
  A wraith (D:11)
  4 yaks (D:10)
  4 steam dragons
  An acid dragon (D:9)
  A water moccasin (D:9)
  An orc warrior (D:10)
  An ice beast (D:5)
  A centaur (D:6)
  2 ogres
  A phantom (D:5)
  A kobold brigand (D:7)
  A bullfrog (D:9)
  3 scorpions
  4 wights (D:8)
  3 howler monkeys
  4 centaur zombies
  5 hounds
  A jelly (D:6)
  A gnoll shaman (D:5)
  2 orc priests
  An iguana (D:6)
  A bullfrog skeleton (D:5)
  2 centaur skeletons
  5 orc wizards
  A howler monkey zombie (D:8)
  7 adders
  11 gnolls
  A howler monkey skeleton (D:6)
  A shadow imp (D:6)
  An ufetubus (D:7)
  A worm (D:2)
  2 dart slugs
  23 orcs
  7 ball pythons
  9 bats
  8 endoplasms
  5 giant cockroaches
  12 goblins
  7 hobgoblins
  6 quokkas
  4 frilled lizards
  7 kobolds
  4 rats
171 creatures vanquished.

Vanquished Creatures (others)
  A bullfrog skeleton (D:7)
  3 fungi (D:10)
  3 plants (D:1)
7 creatures vanquished.

Grand Total: 178 creatures vanquished

Table legend:
 A = Non-vault XP
 B = Vault XP
 C = Vault XP percentage of total XP
 D = Non-vault monster count
 E = Vault monster count
 F = Vault count percentage of total count
                 A         B        C        D         E       F
            +---------+---------+-------+---------+---------+-------
      Total |    5887 |     461 |   7.3 |     156 |      15 |   8.8
            +---------+---------+-------+---------+---------+-------
        D:1 |      54 |       6 |  10.0 |      24 |       4 |  14.3
        D:2 |      97 |      10 |   9.3 |      24 |       4 |  14.3
        D:3 |     119 |       0 |   0.0 |      24 |       0 |   0.0
        D:4 |     431 |       0 |   0.0 |      24 |       0 |   0.0
        D:5 |     498 |     237 |  32.2 |      15 |       3 |  16.7
        D:6 |     602 |       0 |   0.0 |       9 |       0 |   0.0
        D:7 |       0 |     151 | 100.0 |       0 |       3 | 100.0
        D:8 |     340 |       0 |   0.0 |      13 |       0 |   0.0
        D:9 |    1038 |      57 |   5.2 |       8 |       1 |  11.1
       D:10 |    1905 |       0 |   0.0 |      11 |       0 |   0.0
       D:11 |     704 |       0 |   0.0 |       2 |       0 |   0.0
     Temple |      99 |       0 |   0.0 |       2 |       0 |   0.0
            +---------+---------+-------+---------+---------+-------

Illustrated notes

Table legend:
 A = Kills in this place as a percentage of kills in entire the game.
 B = Kills by you in this place as a percentage of kills by you in the entire game.
 C = Kills by friends in this place as a percentage of kills by friends in the entire game.
 D = Other kills in this place as a percentage of other kills in the entire game.
 E = Experience gained in this place as a percentage of experience gained in the entire game.
 F = Experience gained in this place divided by the number of levels of this place that you have seen.
                   A       B       C       D       E      F
               +-------+-------+-------+-------+-------+----------------------
         Total | 100.0 | 100.0 |   N/A |   N/A | 100.0 | 529.0
       Dungeon |  98.8 |  98.8 |   N/A |   N/A |  98.4 | 568.1
        Temple |   1.2 |   1.2 |   N/A |   N/A |   1.6 |  99.0
               +-------+-------+-------+-------+-------+----------------------

Table legend: (Time is in decaauts)
 A = Elapsed time spent in this place.
 B = Non-inter-level travel time spent in this place.
 C = Inter-level travel time spent in this place.
 D = Time resting spent in this place.
 E = Time spent auto-exploring this place.
 F = Levels seen in this place.
 G = Mean time per level.
                   A        B        C        D        E       F      G
               +--------+--------+--------+--------+--------+-----+--------+
         Total |   9019 |   8814 |    205 |   1142 |   5166 |  12 |  751.6 |
       Dungeon |   8818 |   8613 |    205 |   1142 |   5102 |  11 |  801.6 |
        Temple |    200 |    200 |      0 |      0 |     64 |   1 |  200.0 |
               +--------+--------+--------+--------+--------+-----+--------+

Top non-repeatable levels by time:
     D:5: 1795 daAuts
     D:2: 1322 daAuts
     D:1: 1032 daAuts
     D:4: 989 daAuts
     D:6: 886 daAuts
     D:8: 884 daAuts
     D:9: 774 daAuts
     D:3: 693 daAuts
    D:10: 288 daAuts
  Temple: 200 daAuts
    D:11: 95 daAuts
     D:7: 56 daAuts
